 Dungeon Crawl Stone Soup version 0.27-a0-909-g0721f309d1 (webtiles) character file.

Game seed: 4439927906703363319

449 srzhan31 the Magician (level 7, -1/46 HPs)
             Began as a Djinni Earth Elementalist on Apr 8, 2021.
             Killed by divine providence
             ... invoked by an orc priest
              (14 damage)
             ... on level 4 of the Dungeon.
             The game lasted 00:08:39 (4132 turns).

srzhan31 the Magician (Djinni Earth Elementalist)   Turns: 4132, Time: 00:08:39

Health: -1/46      AC:  3    Str:  7    XL:     7   Next: 4%
Gold:   185        EV: 13    Int: 19    God:
                   SH:  0    Dex: 13

rFire    + + .     SeeInvis .   (no weapon)
rCold    x . .     Faith    .   (no shield)
rNeg     . . .     Spirit   .   c - +0 robe
rPois    ∞         Reflect  .   (no helmet)
rElec    .         Harm     .   (no cloak)
rCorr    .         Rampage  .   d - +0 pair of gloves
Will     .....                  (boots unavailable)
Stlth    ++........             (no amulet)
HPRegen  0.15/turn              (no ring)
MPRegen  0.00/turn              (no ring)

@: flying
A: fire resistance 2, cold vulnerability 1, float, innate caster, hp casting,
extra vitality 1
a: no special abilities


You were on level 4 of the Dungeon.
You visited 1 branch of the dungeon, and saw 4 of its levels.

You collected 185 gold pieces.

Inventory:

Missiles
 b - 72 stones
 k - 2 curare-tipped darts
Armour
 c - a +0 robe (worn)
 d - a +0 pair of gloves (worn)
 e - a +0 kite shield
Jewellery
 n - an amulet of magic regeneration
Scrolls
 h - a scroll of identify
 l - a scroll of amnesia
Potions
 a - a potion of curing
 f - 2 potions of attraction {unknown}
 g - 2 potions of cancellation
 i - a potion of degeneration {unknown}
 j - 2 potions of flight {unknown}
 m - a potion of lignification {unknown}


   Skills:
 + Level 0.6 Fighting
 * Level 3.6 Dodging
 - Level 1.6 Stealth
 * Level 1.9 Shields
 * Level 5.7 Spellcasting


You couldn't memorise any spells.
You knew the following spells:

 Your Spells              Type           Power      Damage    Failure   Level
a - Sandblast             Erth           54%        2d13      1%          1
b - Passwall              Tmut/Erth      22%        N/A       1%          2
c - Stone Arrow           Conj/Erth      54%        3d10      3%          3
d - Petrify               Tmut/Erth      27%        N/A       11%         4
e - Lee's Rapid Deconstr  Erth           13%        3d10*     30%         5
f - Freeze                Ice            100%       1d11      1%          1
g - Slow                  Hex            27%        N/A       1%          2
h - Call Imp              Summ           27%        N/A       1%          2
Your spell library was empty.

Dungeon Overview and Level Annotations

Branches:
Dungeon (4/15)
 Temple: D:4-7

Altars:
The Shining One

Annotations:
D:4 Ijyb


Innate Abilities, Weirdness & Mutations

You are immune to poison.
Your flesh is very heat resistant. (rF++)
You are vulnerable to cold. (rC-)
You float through the air rather than walking.
You learn spells naturally, not from books.
Your magical power is your life essence.
You have superior vitality. (+4 HP)


Message History

The orc dies!
Unknown command.
The orc throws a boomerang of dispersal.
The boomerang of dispersal hits you but does no damage.
The orc priest looks satisfied for a moment.
Your white imp gestures at the orc wizard.
The puff of frost hits the orc wizard!
Your crimson imp hits the orc wizard.
The orc wizard points at your white imp and mumbles some strange words.
The puff of flame misses your white imp.
Your white imp gestures at the orc wizard.
The puff of frost hits the orc wizard.
Your crimson imp barely misses the orc wizard.
Your white imp gestures at the orc wizard.
The puff of frost hits the orc wizard!
The orc wizard dies!
Your crimson imp closely misses the orc.
Your crimson imp blinks!
Things that are here:
a +0 whip; a +0 scale mail Something hits your crimson imp.
Something closely misses your crimson imp.
Things that are here:
a +0 whip; a +0 scale mail
Aiming: Sandblast (safe; 1% risk of failure)
Press: ? - help, Q - select action, (/) - cycle Shift-Dir - straight line, f - orc
Aim: an orc, wielding a +0 hand axe, wearing a +0 scale mail and quivering boomerangs of dispersal (ally target, 17% to evade)
The blast of sand hits the orc but does no damage.
* * * LOW HITPOINT WARNING * * *
Aiming: Sandblast (safe; 1% risk of failure)
Press: ? - help, Q - select action, (/) - cycle Shift-Dir - straight line, f/p - orc
Aim: an orc, wielding a +0 hand axe, wearing a +0 scale mail and quivering boomerangs of dispersal (ally target, 17% to evade) Really fire in your crimson imp's direction?
Okay, then.
The orc throws a boomerang of dispersal.
The boomerang of dispersal barely misses you.
Your crimson imp hits the orc but does no damage.
The orc priest calls down the wrath of Beogh upon you.
Beogh smites you!
You die...

..............##.#
..............##.#
..............##.####
.....##.............#
..... #.............#
.### #..##.#####....#
.......# #.# ##...#
...######.######...#
#......).#5o.)@...#
#......55o.####<..#
#.....)..### #<..# #
#........# #...#
..#........# #####
.......)####
..........#
..[.......#
...##.÷...#


You could see an orc priest, an orc (ally target), 2 friendly crimson imps and a
friendly white imp (summoned).

Vanquished Creatures
  Sigmund (D:2)
  A scorpion (D:3)
  3 orc priests (D:4)
  An iguana (D:4)
  An orc wizard (D:4)
  2 adders
  An ufetubus (D:4)
  2 worms
  An adder skeleton (D:4)
  A dart slug (D:1)
  4 orcs (D:4)
  4 endoplasms
  3 giant cockroaches
  3 goblins
  2 hobgoblins
  9 jackals
  7 kobolds
  A quokka (D:1)
  6 ball pythons
  8 bats
  5 frilled lizards
  6 rats
72 creatures vanquished.

Vanquished Creatures (collateral kills)
  An orc wizard (D:4)
  An orc (D:4)
2 creatures vanquished.

Grand Total: 74 creatures vanquished

Notes
Turn   | Place    | Note
-------+----------+-------------------------------------------
     0 | D:1      | srzhan31 the Djinni Earth Elementalist began the quest for
                  | the Orb.
     0 | D:1      | Reached XP level 1. HP: 15/15 MP: 0/0
   254 | D:1      | Reached skill level 3 in Spellcasting
   255 | D:1      | Reached XP level 2. HP: 17/21 MP: 0/0
   261 | D:1      | Found a faded altar of an unknown god.
  1034 | D:1      | Reached XP level 3. HP: 24/25 MP: 0/0
  1034 | D:1      | Learned a level 1 spell: Freeze
  1901 | D:2      | Noticed Sigmund
  1918 | D:2      | Killed Sigmund
  1919 | D:2      | Reached skill level 1 in Shields
  1919 | D:2      | Reached skill level 4 in Spellcasting
  1919 | D:2      | Reached XP level 4. HP: 9/31 MP: 0/0
  1919 | D:2      | Reached XP level 5. HP: 11/35 MP: 0/0
  1919 | D:2      | Learned a level 2 spell: Slow
  2869 | D:3      | Found a glowing golden altar of the Shining One.
  3002 | D:4      | Noticed Ijyb
  3364 | D:4      | Reached XP level 6. HP: 3/41 MP: 0/0
  3366 | D:4      | Reached skill level 5 in Spellcasting
  4113 | D:4      | Reached XP level 7. HP: 40/46 MP: 0/0
  4113 | D:4      | Learned a level 2 spell: Call Imp
  4132 | D:4      | Killed from afar by an orc priest

Illustrated notes

Levels and vault maps discovered:
D:1:      dpeg_arrival_prison, layout_basic, chequers_ecumenical_altar_island,
          serial_aquarium, aquarium_bridge_square [aquarium_subvault_bridge,
          aquarium_subvault_bridge, aquarium_subvault_bridge,
          aquarium_subvault_window], aquarium_bridge_island_large
          [aquarium_subvault_large_water, aquarium_subvault_window,
          aquarium_subvault_wall, aquarium_subvault_wall,
          aquarium_subvault_bridge], aquarium_window_1, aquarium_window_1,
          aquarium_window_1, aquarium_window_3, aquarium_view_2e,
          aquarium_view_2d, aquarium_balcony_3a, serial_bayou_ford_a
D:2:      layout_loops_ring, uniq_sigmund
D:3:      layout_rooms, tso_metal_star
D:4:      layout_rooms, grunt_temple_overflow_forces_of_nature, uniq_ijyb

Skill      XL: |  1  2  3  4  5  6 |
---------------+-------------------+-----
Spellcasting   | 3 4 5 |  5.7
Shields        | 1 |  1.9
Dodging        | 3 |  3.6
Fighting       | |  0.6
Stealth        | |  1.6

Action                   |  1- 3 |  4- 6 |  7- 9 || total
-------------------------+-------+-------+-------++-------
Melee: Unarmed           |       |     4 |       ||     4
 Cast: Sandblast         |    49 |    63 |     3 ||   115
       Freeze            |     6 |     4 |       ||    10
       Slow              |       |     1 |     1 ||     2
       Call Imp          |       |       |     5 ||     5
  Use: Potion            |       |     3 |       ||     3
       Scroll            |       |     1 |       ||     1
Armor: Robe              |     4 |     9 |     1 ||    14
Dodge: Dodged            |     6 |    60 |     1 ||    67

Table legend: (Time is in decaauts)
 A = Elapsed time spent in this place.
 B = Non-inter-level travel time spent in this place.
 C = Inter-level travel time spent in this place.
 D = Time resting spent in this place.
 E = Time spent auto-exploring this place.
 F = Levels seen in this place.
 G = Mean time per level.
                   A        B        C        D        E       F      G
               +--------+--------+--------+--------+--------+-----+--------+
         Total |   4133 |   4041 |     92 |      0 |   3622 |   4 | 1033.2 |
       Dungeon |   4133 |   4041 |     92 |      0 |   3622 |   4 | 1033.2 |
               +--------+--------+--------+--------+--------+-----+--------+

Top non-repeatable levels by time:
     D:1: 1388 daAuts
     D:3: 1100 daAuts
     D:2: 1100 daAuts
     D:4: 543 daAuts
